 Dungeon Crawl Stone Soup version 0.25.1-2-g60ff931df9 (webtiles) character file.

Game seed: 1464420962317065205

32 raphialitos the Gusty (level 3, 0/19 HPs)
             Began as a Deep Elf Air Elementalist on Oct 19, 2020.
             Succumbed to an adder's poison
             ... on level 2 of the Dungeon.
             The game lasted 00:03:45 (1420 turns).

raphialitos the Gusty (Deep Elf Air Elementalist)   Turns: 1420, Time: 00:03:46

Health: 0/19       AC:  2    Str:  5    XL:     3   Next: 10%
Magic:  0/10       EV: 13    Int: 20    God:
Gold:   7          SH:  0    Dex: 15    Spells: 3/9 levels left

rFire    . . .     SeeInvis .   d - +0 short sword
rCold    . . .     Gourm    .   (no shield)
rNeg     . . .     Faith    .   a - +0 robe
rPois    .         Spirit   .   (no helmet)
rElec    .         Reflect  .   (no cloak)
rCorr    .         Harm     .   (no gloves)
MR       .....                  (no boots)
Stlth    ++........             (no amulet)
HPRegen  0.06/turn              (no ring)
MPRegen  0.12/turn              (no ring)

@: mighty, lethally poisoned (0 -> -11), very slightly contaminated, hasted,
very quick
A: no striking features
a: no special abilities


You were on level 2 of the Dungeon.
You were not hungry.

You visited 1 branch of the dungeon, and saw 2 of its levels.

You collected 7 gold pieces.

Inventory:

Hand Weapons
 d - a +0 short sword (weapon)
Armour
 a - a +0 robe (worn)
Scrolls
 b - a scroll of teleportation {unknown}
 e - 2 scrolls of remove curse
 i - a scroll of identify {unknown}
Comestibles
 c - 3 rations
 h - 4 chunks of flesh


   Skills:
 + Level 2.5 Dodging
 + Level 2.5 Stealth
 + Level 3.7 Spellcasting
 + Level 1.2 Conjurations
 + Level 3.7 Air Magic


You had 3 spell levels left.
You knew the following spells:

 Your Spells              Type           Power        Failure   Level  Hunger
a - Shock                 Conj/Air       ##..         4%          1    None
b - Swiftness             Chrm/Air       ##......     10%         2    ##.....
c - Static Discharge      Conj/Air       ##......     14%         3    ###....

Your spell library contained the following spells:

 Spells                   Type           Power        Failure   Level  Hunger
 Airstrike                Air            ###.......   28%         4    ####...
 Lightning Bolt           Conj/Air       ##........   78%         5    ######.


Dungeon Overview and Level Annotations

Branches:
Dungeon (2/15)

Altars:
Vehumet


Message History

Confirm with . or Enter, or press ? or * to list all spells.
Aiming: Shock (safe; 4% risk of failure)
Press: ? - help, Shift-Dir - straight line, f/p - adder
Aim: an adder (severely wounded)
The zap misses the adder.
* * * LOW HITPOINT WARNING * * *
You feel sick. The adder completely misses you.
It was a potion of might.
You feel very mighty all of a sudden.
* * * LOW HITPOINT WARNING * * *
You feel sick. The adder barely misses you. x2
It was a potion of haste.
You feel yourself speed up.
* * * LOW HITPOINT WARNING * * *
You feel sick. The adder misses you.
You miss the adder.
The adder is heavily wounded.
The adder misses you.
You barely miss the adder.
The adder is heavily wounded.
You die...

#.(.......# #.?........# #...
.......... #.......# ..## ##...##
...........#.......###..###......
............................#..#
..............##.)............##.
..........##...#.#.###...........
..........##)...S#............#
..............#.@....#........#
.<.........(..................#
..#...........................#
######....##..................###
#..#........................
#..#.###..............#.####
#..#..##..............#.#
##..##.#..#..........#.#.# #
#........###>.#.##.......# #


You could see an adder.

Vanquished Creatures
  A dart slug (D:2)
  A ball python (D:1)
  5 bats
  3 giant cockroaches
  7 goblins
  A hobgoblin (D:2)
  A frilled lizard (D:1)
  5 kobolds (D:1)
  7 rats
31 creatures vanquished.

Notes
Turn   | Place    | Note
-------+----------+-------------------------------------------
     0 | D:1      | raphialitos the Deep Elf Air Elementalist began the quest
                  | for the Orb.
     0 | D:1      | Reached XP level 1. HP: 10/10 MP: 6/6
   224 | D:1      | Reached XP level 2. HP: 15/15 MP: 6/8
   387 | D:1      | Learned a level 2 spell: Swiftness
  1236 | D:2      | Found a radiant altar of Vehumet.
  1251 | D:2      | Reached XP level 3. HP: 19/19 MP: 7/10
  1380 | D:2      | Learned a level 3 spell: Static Discharge
  1420 | D:2      | Succumbed to an adder's poison

Illustrated notes

Levels and vault maps discovered:
D:1:      sevenhm_arrival_forest_fort_large_2, layout_basic
D:2:      layout_rooms, overflow_temple_1_default, first_ration,
          nemelex_lonely_heart_becter

Action                   || total
-------------------------++-------
Melee: Short sword       ||     3
 Cast: Shock             ||    59
  Use: Scroll            ||     3
       Potion            ||     2
 Stab: Sleeping          ||     1
  Eat: Chunk             ||     1
Armor: Robe              ||     1
Dodge: Dodged            ||    11
